 Dungeon Crawl Stone Soup version 0.23.2-1-ga50397a (webtiles) character file.

Game seed: 6929180790671127239

199 grundic the Shooter (level 5, -4/45 HPs)
             Began as a Centaur Hunter on May 22, 2019.
             Killed by nerve-wracking pain
             ... invoked by Grinder
              (12 damage)
             ... on level 4 of the Dungeon.
             The game lasted 00:21:52 (2133 turns).

grundic the Shooter (Centaur Hunter)                Turns: 2133, Time: 00:21:52

Health: -4/45      AC:  9    Str: 13 (15) XL:     5   Next: 48%
Magic:  5/5        EV:  9    Int:  8 (10) God:
Gold:   102        SH:  0    Dex:  7 (10) Spells: 4/4 levels left

rFire    . . .     SeeInvis +   b - +0 short sword
rCold    . . .     Gourm    .   (no shield)
rNeg     . . .     Faith    .   i - +0 leather armour
rPois    .         Spirit   .   n - +2 helmet {SInv}
rElec    .         Reflect  .   (no cloak)
rCorr    .         Harm     .   l - +1 pair of gloves
MR       .....                  (no barding)
Stlth    +.........             (no amulet)
HPRegen  0.15/turn              (no ring)
MPRegen  0.09/turn              (no ring)

@: about to teleport, very quick
A: large, hooves 3, deformed body, speed 2, tough skin 3
a: no special abilities


You were on level 4 of the Dungeon.
You were not hungry.

You visited 1 branch of the dungeon, and saw 4 of its levels.

You collected 102 gold pieces.

Inventory:

Hand Weapons
 a - a +1 shortbow
 b - a +0 short sword (weapon)
 o - a +0 dagger of venom
Missiles
 d - 24 arrows
 e - 23 poisoned needles (quivered)
Armour
 i - a +0 leather armour (worn)
 l - a +1 pair of gloves (worn)
 n - a +2 helmet of see invisible (worn)
Scrolls
 j - a scroll of teleportation
 k - 2 scrolls of identify {unknown}
Potions
 c - a potion of magic
 h - a potion of curing
 r - a potion of degeneration
Comestibles
 f - 3 rations
 g - a chunk of flesh


   Skills:
 + Level 3.3 Fighting
 + Level 6.4 Bows
 + Level 2.4 Dodging
 + Level 1.8 Stealth


You had 4 spell levels left.
You didn't know any spells.
Your spell library was empty.

Dungeon Overview and Level Annotations

Branches:
Dungeon (4/15)
 Temple: D:4-7

Altars:
Wu Jian

Annotations:
D:4 Grinder


Innate Abilities, Weirdness & Mutations

You have hooves in place of feet.
Armour fits poorly on your strangely shaped body.
You cover ground very quickly.
You have extremely tough skin. (AC +3)


Message History

Grinder hits you but does no damage.
Firing (i - inventory)
d - 25 arrows (quivered)
Press: ? - help, Shift-Dir - straight line, f/p - Grinder
Aim: Grinder (moderately wounded)
You shoot an arrow. The arrow closely misses Grinder.
Grinder hits you.
You writhe in agony.
Wield which item (- for none, * to show all)? (? for menu, Esc to quit)
b - a +0 short sword (weapon)
Grinder hits you.
* * * LOW HITPOINT WARNING * * *
You writhe in agony.
* * * LOW HITPOINT WARNING * * *
You hit Grinder. Your kick misses Grinder.
Grinder is moderately wounded.
Grinder closely misses you.
As you read the scroll of teleportation, it crumbles to dust.
You feel strangely unstable. Grinder gestures at you.
Pain shoots through your body!
You die...

...........>.#.
#######...[.....#† .
.................. ..
######.........#. ...
#.........#. ....
#.........#. .....
#.........#.
......#########.######.##.
..((..(.5@......# #.##.
.((..############ #....
((. ##. . #. .. ##


You could see Grinder.

Vanquished Creatures
  An orc wizard (D:3)
  Robin (D:3)
  8 adders
  An ooze (D:3)
  A worm (D:3)
  3 dart slugs (D:1)
  3 orcs (D:3)
  11 bats
  3 giant cockroaches
  12 goblins
  8 hobgoblins
  6 jackals (D:2)
  A ball python (D:1)
  A frilled lizard (D:3)
  7 kobolds
  6 rats
73 creatures vanquished.

Notes
Turn   | Place    | Note
-------+----------+-------------------------------------------
     0 | D:1      | grundic the Centaur Hunter began the quest for the Orb.
     0 | D:1      | Reached XP level 1. HP: 17/17 MP: 1/1
   307 | D:1      | Reached XP level 2. HP: 24/24 MP: 2/2
   459 | D:2      | Reached skill level 1 in Stealth
   479 | D:2      | Reached XP level 3. HP: 30/30 MP: 3/3
  1243 | D:2      | Reached XP level 4. HP: 23/37 MP: 4/4
  1350 | D:2      | You fall through a shaft!
  1377 | D:3      | Found an ornate altar of the Wu Jian Council.
  1447 | D:3      | Noticed Robin
  1463 | D:3      | Killed Robin
  1463 | D:3      | Reached skill level 6 in Bows
  1563 | D:3      | Reached XP level 5. HP: 33/45 MP: 5/5
  2110 | D:4      | Noticed Grinder
  2120 | D:4      | Paralysed by Grinder for 6 turns
  2133 | D:4      | Killed from afar by Grinder

Skill      XL: |  1  2  3  4 |
---------------+-------------+-----
Stealth        | 1 |  1.8
Dodging        | 2 |  2.4
Bows           | 6 |  6.4
Fighting       | 3 |  3.3

Action                   |  1- 3 |  4- 6 || total
-------------------------+-------+-------++-------
Melee: Shortbow          |     7 |       ||     7
       Kick              |    12 |       ||    12
       Short sword       |    38 |     1 ||    39
       Dagger            |       |     5 ||     5
 Fire: Shortbow          |    79 |   142 ||   221
  Use: Potion            |     3 |     4 ||     7
       Scroll            |     1 |     5 ||     6
  Eat: Chunk             |       |     2 ||     2
Armor: Leather armour    |    40 |    32 ||    72
Dodge: Dodged            |    48 |    35 ||    83
